 Dungeon Crawl Stone Soup version 0.23.0-42-geed6394 (webtiles) character file.

Game seed: 18173703094676661372

1530 robba the Firebug (level 8, -12/61 HPs)
             Began as a Pale Draconian Fire Elementalist on Feb 28, 2019.
             Was a Follower of Ru.
             Mangled by a cyclops (glowing shapeshifter) (20 damage)
             ... on level 5 of the Dungeon.
             The game lasted 00:47:31 (5102 turns).

robba the Firebug (DrFE)                            Turns: 5102, Time: 00:47:32

Health: -12/61     AC:  7    Str: 12    XL:     8   Next: 55%
Magic:  0/15       EV: 13    Int: 17    God:    Ru [*.....]
Gold:   264        SH:  0    Dex: 11    Spells: 8/16 levels left

rFire    + + .     SeeInvis +   n - +2 quarterstaff (chaos)
rCold    + . .     Gourm    .   (shield currently unavailable)
rNeg     . . .     Faith    .   (armour unavailable)
rPois    .         Spirit   +   (helmet restricted)
rElec    .         Reflect  .   o - +0 cloak
rCorr    .         Harm     .   (no gloves)
MR       ++...                  (no boots)
Stlth    +++.......             r - amulet of guardian spirit
HPRegen  0.20/turn              c - ring of Goin {rF++ rC+ MR++ Stlth+}
MPRegen  0.14/turn              y - ring of see invisible

@: no scrolls
A: breathe steam, unfitting armour, cold-blooded, inability to read while
threatened, AC +6
a: Breathe Steam, Renounce Religion


You were on level 5 of the Dungeon.
You worshipped Ru.
Ru was aware of your devotion.
You were not hungry.

You visited 1 branch of the dungeon, and saw 6 of its levels.
You also visited: Sewer.

You collected 264 gold pieces.

Inventory:

Hand Weapons
 a - a +0 dagger
 f - a +2 dagger of electrocution
 m - a +0 scythe
 n - a +2 quarterstaff of chaos (weapon)
Missiles
 i - 63 arrows
 j - 143 stones
 k - 10 poisoned needles (quivered)
 w - 4 tomahawks
Armour
 o - a +0 cloak (worn)
Jewellery
 c - the ring of Goin (left hand) {rF++ rC+ MR++ Stlth+}
   (You found it on level 4 of the Dungeon)

   [ring of stealth]

   It greatly protects you from fire.
   It protects you from cold.
   It affects your resistance to hostile enchantments.
   It makes you more stealthy.
 r - an amulet of guardian spirit (around neck)
 y - a ring of see invisible (right hand)
Scrolls
 g - a scroll of teleportation
 p - a scroll of enchant weapon
 s - a scroll of fear {unknown}
 u - 3 scrolls of blinking
 x - 2 scrolls of summoning {unknown}
 z - a scroll of remove curse
Potions
 e - a potion of resistance
 h - 2 potions of might
 l - a potion of curing
 t - a potion of brilliance
 v - a potion of haste {unknown}
Comestibles
 d - 5 chunks of flesh
 q - 2 rations


   Skills:
 + Level 2.2 Fighting
 + Level 1.4 Short Blades
 + Level 4.6 Staves
 + Level 4.0 Dodging
 + Level 3.1 Stealth
 + Level 0.9 Unarmed Combat
 + Level 4.8 Spellcasting
 + Level 3.7 Conjurations
 + Level 5.8 Fire Magic


You had 8 spell levels left.
You knew the following spells:

 Your Spells              Type           Power        Failure   Level  Hunger
a - Flame Tongue          Conj/Fire      ###..        1%          1    None
b - Throw Flame           Conj/Fire      ###...       3%          2    #......
c - Fireball              Conj/Fire      ###.......   50%         5    ######.

Your spell library contained the following spells:

 Spells                   Type           Power        Failure   Level  Hunger
 Conjure Flame            Conj/Fire      ###.....     6%          3    ###....
 Inner Flame              Hex/Fire       ##......     13%         3    ###....
 Sticky Flame             Conj/Fire      ###.....     21%         4    ####...


Dungeon Overview and Level Annotations

Branches:
Dungeon (6/15)
 Temple: D:4-7

Altars:
Cheibriados
Hepliaklqana
Qazlal
Ru
Uskayaw

Shops:
D:4 =


Innate Abilities, Weirdness & Mutations

You can breathe blasts of scalding, opaque steam.
Your pale cyan-grey scales are hard. (AC +6)
You cannot fit into any form of body armour.
You are cold-blooded and may be slowed by cold attacks.
You cannot read scrolls while threatened.


Message History

The komodo dragon bites you!!
* * * LOW HITPOINT WARNING * * *
You sock the komodo dragon!
Lightning courses through the komodo dragon!
The komodo dragon is heavily wounded.
The komodo dragon changes into a cyclops!
You hit the cyclops but do no damage.
The cyclops is poisoned.
The cyclops is heavily wounded.
You barely miss the cyclops.
The cyclops is heavily wounded.
The cyclops misses you.
You hit the cyclops. You freeze the cyclops.
The cyclops is heavily wounded.
The cyclops hits you but does no damage.
Casting: Fireball (very dangerous; 50% risk of failure)
Confirm with . or Enter, or press ? or * to list all spells.
You don't have enough magic to cast that spell.
It was a potion of cancellation.
You feel magically purged.
You feel better. The cyclops hits you!!
You die...

###.###.#.#.##.####
#.# #.).......#
#.###.#.#.)#..#
#.....#.##.#..#
#####.........#
#######.#####..##
...≈.≈§..≈.≈#..#
...#≈#§)^##^.).###
..^##...^.##..>C@#
..≈.#.≈...##§###.####
##.^..§.≈^^.≈##.....#
......._....§.......#
..≈^....≈§.§≈.#.....#
..≈#≈#....##§.#######
##≈^#^^..≈#§§.#
#≈.#§≈.≈^#^^.#
##..≈≈..§^.#.#


You could see a cyclops shaped shifter.

Vanquished Creatures
  Prince Ribbit (D:5)
  Sigmund (D:2)
  Menkaure (D:4)
  A phantom (D:2)
  3 ogres
  A scorpion (D:5)
  A centaur zombie (D:5)
  A crimson imp (D:5)
  Crazy Yiuf (D:2)
  A bullfrog zombie (D:5)
  A gnoll shaman (D:5)
  2 hounds
  4 orc wizards
  An iguana (D:5)
  2 worker ants
  A hound skeleton (D:5)
  4 gnolls (D:5)
  3 adders
  3 river rats (D:3)
  A shadow imp (D:5)
  An ooze (D:1)
  An adder skeleton (D:5)
  3 worms
  A dart slug (D:1)
  3 leopard geckos
  16 orcs
  A ball python (D:1)
  6 giant cockroaches
  3 goblins (D:1)
  5 hobgoblins
  15 jackals
  3 quokkas
  8 bats
  8 frilled lizards
  5 kobolds
  3 leopard gecko skeletons (D:4)
  7 rats
123 creatures vanquished.

Vanquished Creatures (others)
  A worker ant (D:5)
  A gnoll (D:5)
  An orc (D:5)
3 creatures vanquished.

Grand Total: 126 creatures vanquished

Notes
Turn   | Place    | Note
-------+----------+-------------------------------------------
     0 | D:1      | robba the Draconian Fire Elementalist began the quest for
                  | the Orb.
     0 | D:1      | Reached XP level 1. HP: 14/14 MP: 3/3
   527 | D:1      | Reached XP level 2. HP: 10/20 MP: 0/5
  1047 | D:1      | Reached XP level 3. HP: 26/26 MP: 3/6
  1342 | D:2      | Noticed a phantom
  1383 | D:2      | Killed a phantom
  1383 | D:2      | Reached XP level 4. HP: 16/33 MP: 1/8
  1504 | D:2      | Learned a level 2 spell: Throw Flame
  1579 | D:2      | Reached XP level 5. HP: 39/39 MP: 5/9
  1789 | D:2      | Noticed Sigmund
  1807 | D:2      | Killed Sigmund
  1807 | D:2      | Reached skill level 1 in Short Blades
  1807 | D:2      | Reached skill level 4 in Fire Magic
  1807 | D:2      | Reached XP level 6. HP: 41/46 MP: 2/11
  1879 | D:2      | Found a sacrificial altar of Ru.
  2054 | D:2      | Found a runed translucent door.
  2055 | D:2      | Noticed Crazy Yiuf
  2068 | D:2      | Killed Crazy Yiuf
  2228 | D:2      | Became a worshipper of Ru the Awakened
  2646 | D:3      | Found a snail-covered altar of Cheibriados.
  2886 | D:3      | Found a glowing drain.
  2975 | Sewer    | Entered a sewer
  3122 | D:4      | Got an ancient iron ring
  3130 | D:4      | Identified the ring of Goin {rF++ rC+ MR++ Stlth+} (You
                  | found it on level 4 of the Dungeon)
  3169 | D:4      | Found Tuapp's Jewellery Shoppe.
  3181 | D:4      | Reached skill level 1 in Fighting
  3303 | D:4      | Noticed Menkaure
  3310 | D:4      | Killed Menkaure
  3310 | D:4      | Reached skill level 1 in Staves
  3310 | D:4      | Your scales start taking on a pale cyan-grey colour.
  3310 | D:4      | Reached skill level 5 in Fire Magic
  3310 | D:4      | Reached XP level 7. HP: 18/52 MP: 1/12
  3895 | D:4      | Gained mutation: You cannot read scrolls while threatened.
                  | [Ru sacrifice]
  3895 | D:4      | Reached * piety under Ru
  4053 | D:5      | Entered Level 5 of the Dungeon
  4240 | D:5      | Reached XP level 8. HP: 56/59 MP: 6/14
  4627 | D:5      | Found a hazy altar of Hepliaklqana.
  4629 | D:5      | Noticed Prince Ribbit
  4659 | D:5      | Killed Prince Ribbit
  4732 | D:5      | Found a hide-covered altar of Uskayaw.
  4910 | D:5      | Found a stormy altar of Qazlal.
  4978 | D:5      | Learned a level 5 spell: Fireball
  5083 | D:5      | Noticed a glowing shapeshifter
  5083 | D:5      | a hound changed into a glowing shapeshifter
  5083 | D:5      | Noticed a swamp dragon
  5083 | D:5      | a glowing shapeshifter changed into a swamp dragon
  5084 | D:5      | Noticed a salamander
  5084 | D:5      | a swamp dragon changed into a salamander
  5086 | D:5      | Noticed a yaktaur
  5086 | D:5      | a salamander changed into a yaktaur
  5087 | D:5      | Noticed a fire crab
  5087 | D:5      | a yaktaur changed into a fire crab
  5089 | D:5      | Noticed a queen bee
  5089 | D:5      | a fire crab changed into a queen bee
  5092 | D:5      | Noticed an unseen horror
  5092 | D:5      | a queen bee changed into an unseen horror
  5094 | D:5      | Noticed a komodo dragon
  5094 | D:5      | an unseen horror changed into a komodo dragon
  5096 | D:5      | HP: 1/61 [komodo dragon (glowing shapeshifter) (16)]
  5097 | D:5      | Noticed a cyclops
  5097 | D:5      | a komodo dragon changed into a cyclops
  5102 | D:5      | Mangled by a cyclops (glowing shapeshifter)

Skill      XL: |  1  2  3  4  5  6  7  8 |
---------------+-------------------------+-----
Dodging        | 2 3 4 |  4.0
Stealth        | 2 3 |  3.1
Spellcasting   | 3 4 |  4.8
Short Blades   | 1 |  1.4
Conjurations   | 2 3 |  3.7
Fire Magic     | 4 5 |  5.8
Fighting       | 1 2 |  2.2
Staves         | 1 3 4 |  4.6
Unarmed Combat | |  0.9

Action                   |  1- 3 |  4- 6 |  7- 9 || total
-------------------------+-------+-------+-------++-------
Melee: Unarmed           |    29 |       |       ||    29
       Tailslap          |     4 |     2 |     9 ||    15
       Dagger            |    29 |    20 |       ||    49
       Quarterstaff      |       |    43 |    88 ||   131
 Cast: Flame Tongue      |    32 |    50 |       ||    82
       Throw Flame       |       |     9 |    54 ||    63
Invok: Sacrifice Words   |       |       |     1 ||     1
 Abil: Breathe Steam     |       |       |    14 ||    14
  Use: Scroll            |     2 |     7 |     5 ||    14
       Potion            |       |     1 |     2 ||     3
 Stab: Sleeping          |     1 |     1 |     1 ||     3
       Distracted        |       |       |     1 ||     1
  Eat: Ration            |     1 |     1 |     1 ||     3
       Chunk             |       |     2 |     6 ||     8
Armor: Skin              |    41 |    28 |    40 ||   109
Dodge: Dodged            |    61 |    53 |    78 ||   192
